AoeStats
← 青山新雨 夜观星河

Pilgrims

507972687Analyzed
4v4 RM · 13d ago on Sep 20, 2026· 57m 55s· 8 players
Game mode
Random Map
Map size
Large (8 player)
Population
200
Speed
Normal
Resources
Standard
Victory
Conquest
Starting age
Dark Age
Ending age
Imperial Age
RankedLock teamsTeams togetherTeam positionsShared explorationLock speedFull tech treeHidden civsTurbo modeCheats
Victory
Defeat
🇹🇷 Celts · Türkiye
1281
+14
🇮🇹 Armenians · Italy
1279
+14
🇪🇪 Romans · Estonia
1215
+16
🇨🇭 Byzantines · Switzerland
1166
+18
🇨🇳 Persians · China
1300
-19
🇮🇳 Georgians · India
1267
-17
🇮🇩 Portuguese · Indonesia
1171
-13
1166
-13
Spada_Arancio
12:00 Feudal Age
14:44 Wheelbarrow
20:40 Castle Age
20:23 Double-Bit Axe
20:48 Town Watch
22:19 Medium Warships
22:27 Fletching
22:37 Padded Archer Armor
25:07 Ballistics
36:08 Imperial Age
34:38 Hand Cart
34:48 Bodkin Arrow
35:09 Leather Archer Armor
36:20 Elite Composite Bowman
38:38 Chemistry
37:44 Bracer
37:48 Horse Collar
38:47 Conscription
41:18 Hoardings
42:34 Ring Archer Armor
52:05 Caravan
BlackStone
5:07 Loom
12:21 Feudal Age
15:08 Double-Bit Axe
17:10 Fishing Lines
20:31 Castle Age
18:42 Padded Archer Armor
20:35 Forging
20:26 Scale Mail Armor
20:40 Arson
22:31 Iron Casting
21:19 Pikeman
23:13 Wheelbarrow
22:50 Bow Saw
23:18 Chain Mail Armor
30:17 Gillnets
32:53 Stone Mining
32:53 Gold Mining
34:32 Hand Cart
39:13 Imperial Age
39:19 Capped Ram
39:22 Onager
40:21 Furor Celtica
40:49 Siege Ram
42:46 Onager
44:25 Halberdier
45:45 Plate Mail Armor
46:16 Blast Furnace
45:41 Siege Onager
47:23 Halberdier
47:56 Gambesons
49:12 Man-at-Arms
51:13 Long Swordsman
53:57 Chemistry
53:05 Siege Engineers
53:16 Siege Engineers
53:32 Ballistics
52:46 Two-Handed Swordsman
56:17 Champion
Senex
10:09 Feudal Age
10:55 Double-Bit Axe
14:32 Loom
17:29 Castle Age
18:20 Medium Warships
23:01 Bloodlines
23:25 Bow Saw
22:57 Horse Collar
26:07 Heavy Plow
27:12 Wheelbarrow
27:17 Husbandry
28:14 Forging
30:12 Gold Mining
32:02 Iron Casting
32:28 Scale Barding Armor
35:08 Imperial Age
32:54 Hand Cart
35:58 Chain Barding Armor
35:57 Cavalier
37:41 Blast Furnace
37:26 Plate Barding Armor
40:17 Town Watch
44:00 Onager
49:28 Capped Ram
49:31 Heavy Scorpion
52:16 Chemistry
51:25 Siege Engineers
51:59 Crop Rotation
51:42 Siege Ram
Dvu
8:41 Loom
11:13 Feudal Age
16:35 Castle Age
16:14 Stone Mining
21:45 Fishing Lines
22:41 Gold Mining
24:44 Scale Barding Armor
26:35 Gillnets
27:50 Chain Barding Armor
28:06 Stone Shaft Mining
28:07 Pikeman
29:05 Double-Bit Axe
31:23 Gold Shaft Mining
30:31 Horse Collar
33:56 Scale Mail Armor
34:32 Squires
34:18 Gambesons
36:53 Bow Saw
39:31 Chain Mail Armor
44:03 Imperial Age
43:41 Forging
43:23 Fletching
43:34 Padded Archer Armor
44:19 Halberdier
44:31 Onager
45:56 Conscription
47:01 Plate Mail Armor
47:07 Iron Casting
48:50 Elite Cataphract
50:15 Plate Barding Armor
51:46 Caravan
53:12 Two-Man Saw
reuellemos29
8:43 Loom
11:16 Feudal Age
14:58 Castle Age
13:17 Double-Bit Axe
20:46 Horse Collar
22:57 Bow Saw
23:14 Fletching
25:17 Bodkin Arrow
25:22 Stone Mining
25:33 Gold Mining
26:51 Guard Tower
28:12 Ballistics
29:51 Wheelbarrow
29:30 Stone Mining
33:45 Imperial Age
31:32 Hand Cart
31:03 Town Watch
31:27 Scale Barding Armor
32:02 Heavy Plow
32:50 Stone Shaft Mining
32:16 Treadmill Crane
32:46 Masonry
33:45 Chain Barding Armor
35:29 Keep
34:39 Arrowslits
34:56 Bracer
35:33 Architecture
36:48 Chemistry
36:46 Svan Towers
39:31 Husbandry
40:21 Caravan
41:17 Plate Barding Armor
40:52 Forging
41:06 Light Cavalry
41:36 Heavy Scorpion
43:20 Iron Casting
45:50 Bloodlines
47:17 Conscription
47:33 Hoardings
47:48 Hussar
88老玩家回归
12:56 Feudal Age
18:12 Gold Mining
22:02 Castle Age
22:07 Bloodlines
22:01 Double-Bit Axe
23:05 Husbandry
23:46 Padded Archer Armor
23:49 Fletching
24:39 Wheelbarrow
24:47 Loom
45:12 Fishing Lines
47:37 Medium Warships
48:33 Gillnets
Chelsea Smile
8:54 Loom
14:14 Feudal Age
14:53 Double-Bit Axe
15:00 Gold Mining
15:01 Stone Mining
14:54 Fishing Lines
17:46 Wheelbarrow
20:14 Castle Age
19:28 Town Watch
21:07 Bow Saw
21:37 Stone Shaft Mining
31:49 Imperial Age
30:55 Hand Cart
30:48 Town Patrol
32:53 Conscription
32:30 Fletching
32:41 Padded Archer Armor
33:34 Hand Cart
34:28 Bodkin Arrow
34:48 Leather Archer Armor
34:56 Leather Archer Armor
35:41 Bracer
36:37 Ring Archer Armor
37:17 Siege Engineers
37:44 Ballistics
38:46 Two-Man Saw
38:18 Elite Organ Gun
40:22 Arquebus
47:31 Coinage
52:16 Banking
青山新雨 夜观星河
9:49 Loom
13:10 Feudal Age
21:16 Castle Age
19:13 Double-Bit Axe
19:53 Horse Collar
32:48 Husbandry
36:31 Wheelbarrow
36:19 Bow Saw
36:11 Heavy Plow
48:33 Imperial Age
47:21 Bloodlines
47:45 Fishing Lines
48:10 Stone Mining
52:14 Chemistry
52:19 Two-Man Saw
Connection lost

Rejoining the realm…

Still unreachable

The connection could not be restored.

Session expired

The server has moved on; the page needs a fresh start.